[Event "FIDE CB Open 2022"]
[Site "Ceske Budejovice"]
[Date "2022.07.07"]
[Round "7.15"]
[White "Mai, Alexander Oliver"]
[Black "Hladky, Tadeas"]
[Result "1-0"]
[ECO "C47"]
[WhiteElo "2159"]
[BlackElo "2095"]
[Annotator "ChessBase"]
[PlyCount "109"]
[EventDate "2022.07.01"]
[EventType "swiss"]
[EventCountry "CZE"]
[SourceTitle "playchess.com"]
[Source "ChessBase"]
[SourceQuality "1"]
[TimeControl "40/5400+30:1800+30"]

1. e4 e5 2. Nf3 Nc6 3. Nc3 Nf6 4. d4 exd4 5. Nxd4 Bb4 6. Nxc6 bxc6 7. Bd3 O-O 8. O-O d5 9. exd5 cxd5 10. h3 c6 11. Qf3 Bd6 12. Bf4 Rb8 13. b3 Be6 14. Ne2 c5 15. c3 Re8 16. Rfe1 Rb6 17. Rad1 Qc7 18. Bc2 Bd7 19. Bg5 Ne4 20. Bxe4 dxe4 21. Qe3 a5 22. c4 a4 23. Qd2 axb3 24. Nc3 Qc6 25. axb3 Bf5 26. Nb5 Be5 27. Be3 Qg6 28. Bxc5 Bxh3 29. f4 Bxf4 30. Qc2 Rf6 31. Rxe4 Rc8 32. Rde1 Be6 33. Be7 Rf5 34. Nd4 Qg3 35. Nf3 Bc7 36. Bh4 Qg6 37. Bf2 Qf6 38. Nd4 Re5 39. Bh4 Rxe4 40. Qxe4 Qf4 41. Nxe6 Qxe4 42. Rxe4 fxe6 43. b4 e5 44. b5 Kf7 45. Bf2 Ke6 46. g4 Rf8 47. b6 Bb8 48. Kf1 Rf4 49. Rxf4 exf4 50. Ke2 h6 51. Kd3 g6 52. Kd4 h5 53. gxh5 gxh5 54. Kc5 Kd7 55. Kb5 1-0

[Event "FIDE CB Open 2022"]
[Site "Ceske Budejovice"]
[Date "2022.07.07"]
[Round "7.16"]
[White "Bartos, Jan"]
[Black "Zilavy, Jan"]
[Result "0-1"]
[ECO "D30"]
[WhiteElo "2142"]
[BlackElo "2090"]
[Annotator "NA RC"]
[PlyCount "60"]
[EventDate "2022.07.01"]
[EventType "swiss"]
[EventCountry "CZE"]
[SourceTitle "playchess.com"]
[Source "ChessBase"]
[SourceQuality "1"]
[TimeControl "40/5400+30:1800+30"]

1. d4 d5 2. Nf3 Nf6 3. c4 e6 4. g3 c5 5. cxd5 exd5 6. Bg2 Nc6 7. O-O Be7 8. dxc5 Bxc5 9. Qc2 Bb6 10. Nc3 O-O 11. Na4 Bc7 12. a3 Re8 13. Nc5 Qe7 14. e3 Ne4 15. b4 a5 16. Nxe4 dxe4 17. Nd2 axb4 18. Bxe4 bxa3 19. Bxc6 bxc6 20. Nc4 Bh3 21. Bxa3 Qf6 22. f4 Bxf1 23. Rxf1 Qe6 24. Bb2 Qe4 25. Qc3 f6 26. Ba3 Red8 27. Rc1 Rd3 28. Qb2 Raxa3 29. Nxa3 Qxe3+ 30. Kf1 Rd2 0-1

[Event "FIDE CB Open 2022"]
[Site "Ceske Budejovice"]
[Date "2022.07.07"]
[Round "7.17"]
[White "Panjer, Sidney"]
[Black "Mrazik, Tomas"]
[Result "1-0"]
[ECO "E91"]
[WhiteElo "2140"]
[BlackElo "2055"]
[Annotator "NA RC"]
[PlyCount "73"]
[EventDate "2022.07.01"]
[EventType "swiss"]
[EventCountry "CZE"]
[SourceTitle "playchess.com"]
[Source "ChessBase"]
[SourceQuality "1"]
[TimeControl "40/5400+30:1800+30"]

1. Nf3 Nf6 2. c4 g6 3. Nc3 Bg7 4. e4 d6 5. d4 O-O 6. Be2 c5 7. O-O Nc6 8. d5 Na5 9. h3 a6 10. Qc2 e5 11. a3 b6 12. b4 Nb7 13. Ne1 Ne8 14. Nd3 f5 15. bxc5 Nxc5 16. Nxc5 bxc5 17. Rb1 Nf6 18. Bd2 f4 19. Na4 g5 20. Nb6 Ra7 21. Nxc8 Qxc8 22. Rb6 Qd7 23. Rfb1 h5 24. f3 g4 25. hxg4 hxg4 26. fxg4 Nxg4 27. Qb3 Ne3 28. Bxe3 fxe3 29. Qxe3 Rf4 30. Qg3 Kh7 31. Bh5 Rf6 32. Bg4 Qf7 33. Qh3+ Bh6 34. Bf5+ Kg8 35. Rb8+ Bf8 36. Be6 Rxe6 37. Qxe6 1-0

[Event "FIDE CB Open 2022"]
[Site "Ceske Budejovice"]
[Date "2022.07.07"]
[Round "7.18"]
[White "Zauner, Christoph"]
[Black "Hofstadler, Mario"]
[Result "1-0"]
[ECO "D45"]
[WhiteElo "1963"]
[BlackElo "2123"]
[Annotator "NA RC"]
[PlyCount "53"]
[EventDate "2022.07.01"]
[EventType "swiss"]
[EventCountry "CZE"]
[SourceTitle "playchess.com"]
[Source "ChessBase"]
[SourceQuality "1"]
[TimeControl "40/5400+30:1800+30"]

1. Nf3 d5 2. c4 c6 3. d4 Nf6 4. Nc3 e6 5. e3 Nbd7 6. Qc2 Be7 7. g4 h6 8. Bd2 a6 9. Rg1 b5 10. g5 hxg5 11. Nxg5 Nf8 12. cxb5 axb5 13. Bxb5 Bd7 14. Bd3 c5 15. dxc5 Bxc5 16. Nxd5 Rc8 17. Ba6 Nxd5 18. Bxc8 Qxc8 19. Rc1 Nb4 20. Qc4 Qb8 21. Rc3 Be7 22. Rb3 Qxh2 23. Nf3 Rh4 24. Qxh4 Bxh4 25. Nxh2 Nd5 26. Rb8+ Ke7 27. e4 1-0

[Event "FIDE CB Open 2022"]
[Site "Ceske Budejovice"]
[Date "2022.07.07"]
[Round "7.19"]
[White "Koch-Muller, Oscar"]
[Black "Lang, Simon"]
[Result "1-0"]
[ECO "D32"]
[WhiteElo "2115"]
[BlackElo "1942"]
[Annotator "NA RC"]
[PlyCount "65"]
[EventDate "2022.07.01"]
[EventType "swiss"]
[EventCountry "CZE"]
[SourceTitle "playchess.com"]
[Source "ChessBase"]
[SourceQuality "1"]
[TimeControl "40/5400+30:1800+30"]

1. d4 d5 2. c4 e6 3. Nc3 c5 4. cxd5 cxd4 5. Qxd4 Nc6 6. Qd1 exd5 7. Qxd5 Bd7 8. Nf3 Nf6 9. Qb3 Bc5 10. Bg5 Rc8 11. e3 Be6 12. Bc4 Na5 13. Qa4+ Bd7 14. Bb5 Nc6 15. O-O a6 16. Bxf6 Qxf6 17. Qe4+ Qe6 18. Bc4 Qxe4 19. Nxe4 Be7 20. Rfd1 Bg4 21. Be2 O-O 22. Kf1 Bxf3 23. Bxf3 Ne5 24. Rac1 f5 25. Ng3 Rxc1 26. Bd5+ Kh8 27. Rxc1 b6 28. Rc7 Bc5 29. Nh5 Ng4 30. Nxg7 f4 31. Ne6 fxe3 32. Nxf8 exf2 33. Rxh7# 1-0

[Event "FIDE CB Open 2022"]
[Site "Ceske Budejovice"]
[Date "2022.07.07"]
[Round "7.20"]
[White "Zezula, Jakub"]
[Black "Prazak, Daniel"]
[Result "0-1"]
[ECO "C08"]
[WhiteElo "1831"]
[BlackElo "2113"]
[Annotator "NA RC"]
[PlyCount "58"]
[EventDate "2022.07.01"]
[EventType "swiss"]
[EventCountry "CZE"]
[SourceTitle "playchess.com"]
[Source "ChessBase"]
[SourceQuality "1"]
[TimeControl "40/5400+30:1800+30"]

1. e4 e6 2. d4 d5 3. Nd2 c5 4. exd5 exd5 5. Ngf3 a6 6. Be2 Nf6 7. O-O Be7 8. dxc5 Bxc5 9. Nb3 Bb6 10. Bg5 O-O 11. c3 Nc6 12. Nbd4 h6 13. Bh4 g5 14. Bg3 Ne4 15. Bd3 f5 16. Nxc6 bxc6 17. Be5 Qe7 18. Bd4 Bc7 19. Re1 c5 20. Be3 Qd6 21. g3 f4 22. gxf4 gxf4 23. Bd2 Qg6+ 24. Kf1 Bh3+ 25. Ke2 Rae8 26. Be3 fxe3 27. Rg1 Bg4 28. Bxe4 dxe4 29. Qd5+ Kh8 0-1

[Event "FIDE CB Open 2022"]
[Site "Ceske Budejovice"]
[Date "2022.07.07"]
[Round "7.21"]
[White "Vltavsky, Vladimir"]
[Black "Vaculik, Martin"]
[Result "1/2-1/2"]
[ECO "C00"]
[WhiteElo "2106"]
[BlackElo "2284"]
[Annotator "RC"]
[PlyCount "31"]
[EventDate "2022.07.01"]
[EventType "swiss"]
[EventCountry "CZE"]
[SourceTitle "playchess.com"]
[Source "ChessBase"]
[SourceQuality "1"]
[TimeControl "40/5400+30:1800+30"]

1. e4 e6 2. Bb5 a6 3. Ba4 c5 4. c3 b5 5. Bc2 d5 6. d4 cxd4 7. cxd4 dxe4 8. Bxe4 Ra7 9. Ne2 Nf6 10. Bf3 Bb7 11. Bxb7 Rxb7 12. Be3 Be7 13. O-O O-O 14. Nd2 Nbd7 15. Nf3 Nb6 16. Ne5 1/2-1/2

[Event "FIDE CB Open 2022"]
[Site "Ceske Budejovice"]
[Date "2022.07.07"]
[Round "7.22"]
[White "Pirola, Claudionor Alcides L"]
[Black "Ondrejat, Miroslav"]
[Result "1-0"]
[ECO "B45"]
[WhiteElo "2100"]
[BlackElo "1903"]
[Annotator "NA RC"]
[PlyCount "65"]
[EventDate "2022.07.01"]
[EventType "swiss"]
[EventCountry "CZE"]
[SourceTitle "playchess.com"]
[Source "ChessBase"]
[SourceQuality "1"]
[TimeControl "40/5400+30:1800+30"]

1. e4 c5 2. Nf3 e6 3. d4 cxd4 4. Nxd4 Nf6 5. Nc3 Nc6 6. Nxc6 bxc6 7. e5 Nd5 8. Ne4 Qc7 9. f4 Qb6 10. a3 Ba6 11. c4 Ne3 12. Qd3 Nxf1 13. Rxf1 c5 14. Rf2 Bb7 15. Be3 Qc6 16. O-O-O O-O-O 17. Nd6+ Bxd6 18. Qxd6 Qxd6 19. Rxd6 Bc6 20. Bxc5 Kb7 21. b4 a6 22. a4 Rc8 23. a5 Ka8 24. Kd2 Rb8 25. Ke3 Rb7 26. Rb2 Rhb8 27. Bb6 h5 28. b5 axb5 29. cxb5 Bd5 30. Bc5 Bc6 31. b6 Rd8 32. a6 Rbb8 33. Rd4 1-0

[Event "FIDE CB Open 2022"]
[Site "Ceske Budejovice"]
[Date "2022.07.07"]
[Round "7.23"]
[White "Sykora, Ondrej"]
[Black "Simunek, Jakub Simon"]
[Result "1-0"]
[ECO "E09"]
[WhiteElo "2099"]
[BlackElo "1887"]
[Annotator "NA RC"]
[PlyCount "39"]
[EventDate "2022.07.01"]
[EventType "swiss"]
[EventCountry "CZE"]
[SourceTitle "playchess.com"]
[Source "ChessBase"]
[SourceQuality "1"]
[TimeControl "40/5400+30:1800+30"]

1. Nf3 e6 2. g3 d5 3. Bg2 Nf6 4. d4 c6 5. O-O Be7 6. Nbd2 O-O 7. c4 Nbd7 8. Qc2 b6 9. b3 Bb7 10. Bb2 dxc4 11. Nxc4 c5 12. Rad1 Rc8 13. dxc5 Bxc5 14. Ng5 Qc7 15. Rxd7 Qxd7 16. Bxf6 g6 17. Ne5 Qc7 18. Ng4 Bxf2+ 19. Rxf2 Qxc2 20. Nh6# 1-0

[Event "FIDE CB Open 2022"]
[Site "Ceske Budejovice"]
[Date "2022.07.07"]
[Round "7.24"]
[White "Vrchotka, Josef"]
[Black "Hiermann, Dietmar"]
[Result "0-1"]
[ECO "C47"]
[WhiteElo "1959"]
[BlackElo "2224"]
[Annotator "RC"]
[PlyCount "52"]
[EventDate "2022.07.01"]
[EventType "swiss"]
[EventCountry "CZE"]
[SourceTitle "playchess.com"]
[Source "ChessBase"]
[SourceQuality "1"]
[TimeControl "40/5400+30:1800+30"]

1. e4 e5 2. Nc3 Nf6 3. Nf3 Nc6 4. d4 exd4 5. Nxd4 Bb4 6. Nxc6 bxc6 7. Bd3 d5 8. exd5 cxd5 9. O-O O-O 10. h3 h6 11. Qf3 Rb8 12. Bf4 Bd6 13. b3 c6 14. Rad1 Rb4 15. Ne2 c5 16. Bc4 Bb7 17. Bxd6 Qxd6 18. c3 Rb6 19. Bd3 Re8 20. Qg3 Re5 21. Rfe1 Qe7 22. Kf1 Nh5 23. Qg4 Rg5 24. Qh4 Re5 25. f4 Qxh4 26. fxe5 Ng3+ 0-1

[Event "FIDE CB Open 2022"]
[Site "Ceske Budejovice"]
[Date "2022.07.07"]
[Round "7.25"]
[White "Borkovec, Milan"]
[Black "Vilimek, Vit"]
[Result "1-0"]
[ECO "B33"]
[WhiteElo "2188"]
[BlackElo "1996"]
[Annotator "RC"]
[PlyCount "101"]
[EventDate "2022.07.01"]
[EventType "swiss"]
[EventCountry "CZE"]
[SourceTitle "playchess.com"]
[Source "ChessBase"]
[SourceQuality "1"]
[TimeControl "40/5400+30:1800+30"]

1. e4 c5 2. Nf3 Nc6 3. d4 cxd4 4. Nxd4 Nf6 5. Nc3 e5 6. Ndb5 d6 7. Bg5 a6 8. Na3 b5 9. Nd5 Be7 10. Bxf6 Bxf6 11. c3 O-O 12. Nc2 Bg5 13. a4 bxa4 14. Rxa4 a5 15. Bc4 Kh8 16. Nce3 Be6 17. Qe2 Bxe3 18. Nxe3 Ne7 19. O-O Qd7 20. Rfa1 Qb7 21. Bxe6 fxe6 22. Nc4 Qc7 23. Nxa5 Rab8 24. Nc4 Ng6 25. Ra7 Qc5 26. b4 Qc6 27. R1a6 Qb5 28. Ra5 Qc6 29. R7a6 Nf4 30. Rxc6 Nxe2+ 31. Kf1 Nxc3 32. Nxd6 Nb1 33. Rb5 Nd2+ 34. Ke2 Rxb5 35. Nxb5 Nxe4 36. Nd6 Nxd6 37. Rxd6 Rb8 38. b5 Kg8 39. b6 Kf8 40. Rxe6 Kf7 41. Rc6 Ke8 42. Ke3 Rb7 43. Ke4 Kd7 44. Kd5 e4 45. Rd6+ Ke7 46. Kc5 g6 47. Rd4 Rb8 48. Rxe4+ Kd7 49. Rd4+ Kc8 50. Kc6 Rb7 51. Rf4 1-0

[Event "FIDE CB Open 2022"]
[Site "Ceske Budejovice"]
[Date "2022.07.07"]
[Round "7.26"]
[White "Laith, Kasib"]
[Black "Hosnedl, Matyas"]
[Result "1/2-1/2"]
[ECO "C02"]
[WhiteElo "2079"]
[BlackElo "1967"]
[Annotator "NA RC"]
[PlyCount "58"]
[EventDate "2022.07.01"]
[EventType "swiss"]
[EventCountry "CZE"]
[SourceTitle "playchess.com"]
[Source "ChessBase"]
[SourceQuality "1"]
[TimeControl "40/5400+30:1800+30"]

1. e4 e6 2. d4 d5 3. e5 c5 4. c3 Nc6 5. Nf3 Bd7 6. Be2 Nge7 7. O-O Ng6 8. Be3 Be7 9. Re1 Qb6 10. Qd2 O-O 11. dxc5 Bxc5 12. Bxc5 Qxc5 13. b4 Qe7 14. Bd3 f6 15. Bxg6 hxg6 16. exf6 gxf6 17. b5 Na5 18. Qxd5 exd5 19. Rxe7 Bxb5 20. Na3 Ba4 21. Nh4 g5 22. Nf5 Rfe8 23. Rae1 Kf8 24. R7e6 Rxe6 25. Rxe6 Kf7 26. Re7+ Kf8 27. Rh7 Kg8 28. Rg7+ Kf8 29. Rh7 Kg8 1/2-1/2

[Event "FIDE CB Open 2022"]
[Site "Ceske Budejovice"]
[Date "2022.07.07"]
[Round "7.27"]
[White "Zaza, Martin"]
[Black "Placer, Sebastian"]
[Result "0-1"]
[ECO "C18"]
[WhiteElo "1911"]
[BlackElo "2062"]
[Annotator "NA RC"]
[PlyCount "84"]
[EventDate "2022.07.01"]
[EventType "swiss"]
[EventCountry "CZE"]
[SourceTitle "playchess.com"]
[Source "ChessBase"]
[SourceQuality "1"]
[TimeControl "40/5400+30:1800+30"]

1. e4 e6 2. d4 d5 3. Nc3 Bb4 4. e5 c5 5. a3 Ba5 6. b4 cxd4 7. Nb5 Bc7 8. f4 Bd7 9. Nf3 Bxb5 10. Bxb5+ Nc6 11. Nxd4 Nge7 12. O-O O-O 13. Kh1 Bb6 14. Nxc6 bxc6 15. Bd3 Qd7 16. c4 Rfd8 17. c5 Bc7 18. Rf3 g6 19. h4 a5 20. Rb1 Rdb8 21. h5 Bd8 22. g4 axb4 23. hxg6 fxg6 24. f5 exf5 25. gxf5 Nxf5 26. Bxf5 gxf5 27. Rg3+ Kh8 28. e6 Qxe6 29. Bb2+ Bf6 30. Qd4 Rf8 31. Qxb4 Bxb2 32. Qxb2+ Qf6 33. Qxf6+ Rxf6 34. a4 f4 35. Rg4 h5 36. Rg5 Rxa4 37. Rxh5+ Kg7 38. Rg5+ Kh6 39. Rg4 Kh5 40. Rbg1 Ra1 41. Rg8 Rxg1+ 42. Kxg1 Rg6+ 0-1

[Event "FIDE CB Open 2022"]
[Site "Ceske Budejovice"]
[Date "2022.07.07"]
[Round "7.28"]
[White "Shirinyan, Daniel"]
[Black "Kovalskyi, Roman"]
[Result "0-1"]
[ECO "A08"]
[WhiteElo "1876"]
[BlackElo "2056"]
[Annotator "NA RC"]
[PlyCount "40"]
[EventDate "2022.07.01"]
[EventType "swiss"]
[EventCountry "CZE"]
[SourceTitle "playchess.com"]
[Source "ChessBase"]
[SourceQuality "1"]
[TimeControl "40/5400+30:1800+30"]

1. Nf3 d5 2. g3 c5 3. Bg2 g6 4. O-O Bg7 5. d3 Nc6 6. Nc3 Nf6 7. e4 dxe4 8. dxe4 Bg4 9. Be3 Qa5 10. Qc1 Bxf3 11. Bxf3 Nd4 12. Bd1 h5 13. h4 Rd8 14. f4 Ng4 15. e5 Nf5 16. Bxg4 hxg4 17. Bf2 g5 18. hxg5 Qb6 19. Rd1 Nd4 20. Bxd4 Qc6 0-1

[Event "FIDE CB Open 2022"]
[Site "Ceske Budejovice"]
[Date "2022.07.07"]
[Round "7.29"]
[White "Hurtik, Matej"]
[Black "Hradek, Matyas"]
[Result "1-0"]
[ECO "C52"]
[WhiteElo "2018"]
[BlackElo "1888"]
[Annotator "NA RC"]
[PlyCount "59"]
[EventDate "2022.07.01"]
[EventType "swiss"]
[EventCountry "CZE"]
[SourceTitle "playchess.com"]
[Source "ChessBase"]
[SourceQuality "1"]
[TimeControl "40/5400+30:1800+30"]

1. e4 e5 2. Nf3 Nc6 3. Bc4 Bc5 4. b4 Bxb4 5. c3 Ba5 6. d4 d6 7. Qb3 Qd7 8. O-O Nf6 9. dxe5 Nxe4 10. Re1 d5 11. Bxd5 Nc5 12. Qc4 Ne6 13. Ba3 Bb6 14. Rd1 Ne7 15. Qh4 Ng6 16. Qe4 Bc5 17. Bb3 Qe7 18. Ba4+ Kf8 19. Bb2 Bb6 20. Bb3 Nc5 21. Qc2 Bg4 22. Nbd2 Nxe5 23. Ba3 Nxf3+ 24. Nxf3 Bxf3 25. gxf3 Qg5+ 26. Kh1 c6 27. Rd7 Ke8 28. Rxf7 Nxb3 29. Qxb3 Qd5 30. Re7+ 1-0

[Event "FIDE CB Open 2022"]
[Site "Ceske Budejovice"]
[Date "2022.07.07"]
[Round "7.30"]
[White "Schmied, Eva-Maria"]
[Black "Radovic, Stefan"]
[Result "0-1"]
[ECO "B33"]
[WhiteElo "1718"]
[BlackElo "2018"]
[Annotator "NA"]
[PlyCount "78"]
[EventDate "2022.07.01"]
[EventType "swiss"]
[EventCountry "CZE"]
[SourceTitle "playchess.com"]
[Source "ChessBase"]
[SourceQuality "1"]
[TimeControl "40/5400+30:1800+30"]

1. e4 c5 2. Nf3 Nc6 3. d4 cxd4 4. Nxd4 Nf6 5. Nc3 e5 6. Ndb5 d6 7. Bg5 a6 8. Na3 b5 9. Nd5 Be7 10. Bxf6 Bxf6 11. c4 b4 12. Nc2 a5 13. g3 O-O 14. h4 Be6 15. Bh3 Bxd5 16. Qxd5 Qb6 17. b3 Nd4 18. Nxd4 exd4 19. O-O a4 20. Bd7 axb3 21. axb3 Ra3 22. Ba4 Rc8 23. Qb5 Qxb5 24. cxb5 Bd8 25. Rad1 Bb6 26. Rd2 Kf8 27. Kg2 Ke7 28. f3 f6 29. Rfd1 Rc3 30. Re1 h5 31. Red1 Ke6 32. Re1 Ke5 33. f4+ Ke6 34. Red1 Bc5 35. Re1 Re3 36. Rc1 Rxe4 37. Rxc5 dxc5 38. b6 Kd6 39. b7 Kc7 0-1

[Event "FIDE CB Open 2022"]
[Site "Ceske Budejovice"]
[Date "2022.07.07"]
[Round "7.31"]
[White "Rosol, Alexander"]
[Black "Koc, Azra Ece"]
[Result "1-0"]
[ECO "B10"]
[WhiteElo "2001"]
[BlackElo "1867"]
[Annotator "NA RC"]
[PlyCount "83"]
[EventDate "2022.07.01"]
[EventType "swiss"]
[EventCountry "CZE"]
[SourceTitle "playchess.com"]
[Source "ChessBase"]
[SourceQuality "1"]
[TimeControl "40/5400+30:1800+30"]

1. e4 c6 2. d3 d6 3. Nf3 e5 4. g3 g6 5. Bg2 Bg7 6. O-O Ne7 7. Be3 Na6 8. Qd2 h6 9. c3 Bd7 10. Ne1 Qc8 11. f4 Bh3 12. Bxh3 Qxh3 13. fxe5 dxe5 14. Bxa7 O-O 15. Be3 f5 16. Qg2 Qxg2+ 17. Kxg2 g5 18. exf5 Rxf5 19. Rxf5 Nxf5 20. Bf2 Nc7 21. Nd2 Nd5 22. Nc2 b5 23. a3 Rd8 24. Ne4 Nf6 25. Nc5 Ng4 26. Rd1 Kf7 27. Bg1 Rd5 28. Rf1 Kg6 29. h3 Nf6 30. Rxf5 Kxf5 31. Ne3+ Kg6 32. Nxd5 Nxd5 33. Kf3 h5 34. Ne6 Bf6 35. c4 Ne7 36. Ke4 Kf7 37. Nc7 Nc8 38. Bc5 Bd8 39. Na6 Ke6 40. Bf8 Be7 41. Bxe7 Nxe7 42. cxb5 1-0

[Event "FIDE CB Open 2022"]
[Site "Ceske Budejovice"]
[Date "2022.07.07"]
[Round "7.32"]
[White "Zednicek, Filip"]
[Black "Dotzer, Lukas"]
[Result "1/2-1/2"]
[ECO "B48"]
[WhiteElo "1688"]
[BlackElo "2269"]
[Annotator "RC"]
[PlyCount "81"]
[EventDate "2022.07.01"]
[EventType "swiss"]
[EventCountry "CZE"]
[SourceTitle "playchess.com"]
[Source "ChessBase"]
[SourceQuality "1"]
[TimeControl "40/5400+30:1800+30"]

1. e4 c5 2. Nf3 e6 3. d4 cxd4 4. Nxd4 Nc6 5. Nc3 Qc7 6. Be3 a6 7. Qd2 Nf6 8. O-O-O Bb4 9. f3 Ne7 10. Nde2 d5 11. a3 Bc5 12. Bg5 dxe4 13. Bxf6 e3 14. Qd3 gxf6 15. Ne4 Nd5 16. N2c3 Nf4 17. Qc4 e2 18. Bxe2 Be3+ 19. Kb1 Qxc4 20. Bxc4 Ke7 21. g3 f5 22. Nd6 Rd8 23. Nxf5+ exf5 24. Rhe1 Ng2 25. Re2 Be6 26. Bxe6 fxe6 27. Rxg2 Rxd1+ 28. Nxd1 Bd4 29. c3 Bc5 30. Re2 Kf6 31. Rd2 b5 32. Nf2 Be3 33. Re2 Bxf2 34. Rxf2 e5 35. Kc2 h5 36. Kd2 h4 37. g4 h3 38. Ke3 Rg8 39. gxf5 Kxf5 40. f4 e4 41. Rd2 1/2-1/2

[Event "FIDE CB Open 2022"]
[Site "Ceske Budejovice"]
[Date "2022.07.07"]
[Round "7.33"]
[White "Sadek, Vojtech"]
[Black "Kosut, Tomas"]
[Result "1-0"]
[ECO "B23"]
[WhiteElo "1973"]
[BlackElo "1820"]
[Annotator "TA"]
[PlyCount "95"]
[EventDate "2022.07.01"]
[EventType "swiss"]
[EventCountry "CZE"]
[SourceTitle "playchess.com"]
[Source "ChessBase"]
[SourceQuality "1"]
[TimeControl "40/5400+30:1800+30"]

1. e4 c5 2. Nc3 a6 3. a4 d6 4. f4 Nc6 5. Nf3 Bg4 6. Be2 {[%emt 0:03:53] B23: Closed Sicilian: Lines without g3.} g6 7. O-O Bg7 8. d3 {[%emt 0:01:21] The position is equal.} Nf6 {[%emt 0:02:07] [#]} 9. Qe1 $146 (9. h3 $5 Bxf3 10. Bxf3 $11) ({Predecessor:} 9. h3 Bxf3 10. Bxf3 O-O 11. Ne2 Qc7 12. c3 e5 13. g4 exf4 14. g5 Nd7 15. Nxf4 {0-1 (57) Briem,S (2142)-Gunnarsson,G (2164) Reykjavik 2015}) 9... Bxf3 10. Bxf3 Nd4 11. Qf2 Nd7 12. Kh1 O-O 13. g4 Rb8 14. Bd1 b5 15. axb5 axb5 16. Ne2 Ra8 17. Rxa8 Qxa8 18. Qh4 Re8 19. f5 Nxe2 20. Bxe2 Qa4 21. b3 Qa2 22. Bd1 c4 23. bxc4 (23. Qf2 $5 Rf8 24. bxc4 $11) 23... bxc4 24. Bg5 cxd3 25. cxd3 f6 ({Better is} 25... Nc5 $15) 26. fxg6 hxg6 27. Be3 Ne5 28. d4 Qc4 29. Qf2 Nd7 30. Be2 Qc2 31. Qf3 {[%emt 0:04:07] [#] Strongly threatening Bb5.} Rb8 {[%emt 0:01:32] Against Bb5} 32. Rc1 $36 {[%emt 0:02:01][%mdl 2048] Black is under pressure.} Rb1 33. Rxb1 (33. Bc4+ {with more complications.} Kf8 34. Rxb1 Qxb1+ 35. Bf1) 33... Qxb1+ 34. Kg2 Qc2 {[%emt 0:02:01] Inhibits Bc4+.} (34... e5 {is more complex.} 35. Bc4+ Kf8 36. Bf2 exd4 37. Bxd4 f5) 35. Kg3 (35. Bf2 $14) 35... Nb6 36. Bf2 Qc7 37. Kg2 Qc2 {[%emt 0:03:00] Inhibits Qb3+.} 38. Bd3 ({White should play} 38. h4 $16) 38... Qc3 $2 (38... Qa2 $14) 39. Qe3 $2 (39. e5 $1 $18) 39... Nd7 40. h3 ({White should try} 40. Bb5 $16 Qxe3 41. Bxe3) 40... Nf8 41. Qe2 Kh7 42. Bc4 {[%emt 0:09:31] Against Ne6} Bh6 43. Qa2 Qd2 (43... Be3 $11 44. Be2 (44. Qa7 Bxf2 45. Qxe7+ Kh6 $11) 44... Kg7) 44. Qa7 $16 Be3 $2 {[%emt 0:02:03][%mdl 8192] [#]} (44... Qc2 $16) 45. Qxe7+ {[%emt 0:00:07] White mates.} Kh6 46. Qxf8+ Kg5 47. h4+ Kxg4 48. Qxf6 {[%emt 0:00:33] Weighted Error Value: White=0.20 (precise) /Black=0.46} 1-0

[Event "FIDE CB Open 2022"]
[Site "Ceske Budejovice"]
[Date "2022.07.07"]
[Round "7.34"]
[White "Chval, Zdenek"]
[Black "Holub, Adam"]
[Result "0-1"]
[ECO "C54"]
[WhiteElo "2063"]
[BlackElo "1817"]
[Annotator "NA RC"]
[PlyCount "68"]
[EventDate "2022.07.01"]
[EventType "swiss"]
[EventCountry "CZE"]
[SourceTitle "playchess.com"]
[Source "ChessBase"]
[SourceQuality "1"]
[TimeControl "40/5400+30:1800+30"]

1. e4 e5 2. Nf3 Nc6 3. Bc4 Bc5 4. O-O Nf6 5. d3 h6 6. c3 d6 7. b4 Bb6 8. a4 a5 9. b5 Nb8 10. Re1 Bg4 11. Nbd2 Nbd7 12. Ba2 O-O 13. h3 Bh5 14. Nf1 Re8 15. g4 Bg6 16. Be3 Nc5 17. Bxc5 Bxc5 18. Qb3 Qd7 19. Ne3 h5 20. Nh4 Kh7 21. Nhf5 c6 22. Qd1 d5 23. Qf3 dxe4 24. dxe4 Qd3 25. Ng3 h4 26. Nh5 Bxh5 27. gxh5 Kg8 28. h6 Qxe4 29. Qxe4 Nxe4 30. hxg7 Nxc3 31. bxc6 bxc6 32. Ng4 Kxg7 33. Rxe5 Rxe5 34. Nxe5 Bd4 0-1

[Event "FIDE CB Open 2022"]
[Site "Ceske Budejovice"]
[Date "2022.07.07"]
[Round "7.35"]
[White "Hlavac, Rudolf"]
[Black "Steinbauer, Sebastian"]
[Result "1-0"]
[ECO "C42"]
[WhiteElo "1931"]
[BlackElo "1808"]
[Annotator "TA"]
[PlyCount "59"]
[EventDate "2022.07.01"]
[EventType "swiss"]
[EventCountry "CZE"]
[SourceTitle "playchess.com"]
[Source "ChessBase"]
[SourceQuality "1"]
[TimeControl "40/5400+30:1800+30"]

1. e4 e5 2. Nf3 Nf6 3. Nxe5 d6 4. Nf3 Nxe4 5. d4 d5 6. Bd3 Bg4 {[%emt 0:00:09][%cal Bc8g4,Bg4h5,Bh5g6][%mdl 32] 6...Bd6 is setting a new trend.} 7. Qe2 {[%emt 0:01:17] C42: Petroff Defence: 3 Nxe5 and unusual White 3rd moves.} f5 8. h3 Bh5 9. g4 {[%emt 0:02:28] White is slightly better.} Bg6 (9... fxg4 $2 10. Ne5 $16 (10. Bxe4 dxe4 11. hxg4 Bf7 $16)) 10. Ne5 {[%emt 0:07:50] And now h4 would win.} Be7 (10... Bd6 $11) 11. Bxe4 fxe4 12. Qb5+ Nd7 {[%emt 0:21:09] [#]} 13. Nxg6 $146 {[%emt 0:05:56] 0x0.0005ea9d881bdp-1022s more active pieces.} (13. Qxb7 Nxe5 14. dxe5 O-O $15) ({Predecessor:} 13. Qxd5 Nxe5 14. Qxe5 O-O 15. Be3 Bf6 16. Qb5 Rf7 17. c3 c6 18. Qe2 Bh4 19. Nd2 {1-0 (36) Franco,W (2089)-Jimenez,L (1958) Bogota 2011}) 13... hxg6 14. Nc3 (14. Qxb7 $6 Nb6 $11) ({Better is} 14. Be3 $16) 14... Bg5 $2 {[%emt 0:02:02] White stays focused until the end.} (14... c6 $1 $11 {and Black has nothing to worry.} 15. Qxb7 Qc8 16. Qxc8+ Rxc8) 15. Qxd5 $18 Bxc1 16. Qxe4+ (16. Rxc1 $6 Nf6 17. Qxb7 O-O $16) 16... Kf7 17. Qd5+ (17. Rxc1 $2 Re8 18. Qe3 Rxe3+ 19. fxe3 Qh4+ 20. Kd2 Kg8 $19) 17... Kf8 18. Rxc1 Qe7+ 19. Kd2 Rd8 (19... Nb6 $142 20. Qxb7 Qb4) 20. Rce1 (20. Qxb7 Nc5 21. Qf3+ Qf7 22. Qxf7+ Kxf7 $18) 20... Qb4 (20... Qf7 $142 21. Re3 Qxd5 22. Nxd5 Nb6) 21. Kc1 {[%emt 0:01:04] [#] Re6 is the strong threat.} c6 22. Qe6 {[%emt 0:04:51] Threatens to win with g5.} Nf6 23. a3 Qxd4 24. Qe7+ Kg8 25. Qxb7 (25. Kb1 $6 Rd7 26. Qe6+ Kh7 $16) 25... Kh7 (25... Qb6 $142 26. Qxb6 axb6) 26. Re7 ({Weaker is} 26. Kb1 Rb8 27. Ne2 (27. Qxc6 Rhc8 $17) 27... Qe5 $17) 26... Rhg8 27. Qxa7 ({Not} 27. Kb1 Nd5 28. Nxd5 Rb8 29. Rxg7+ (29. Nf6+ $2 Qxf6 30. g5 Qf3 $19) 29... Qxg7 30. Nf6+ Kh8 31. Qxg7+ (31. Qxc6 $2 Rb6 $19) 31... Rxg7 $14) 27... Qd2+ 28. Kb1 Rb8 {[%emt 0:00:14] [#]} 29. Rxg7+ $3 Rxg7 30. Qxb8 {[%emt 0:01:31] Weighted Error Value: White=0.18 (very precise) /Black=0.52} 1-0